 Dungeon Crawl Stone Soup version 0.30-a0-691-g754fce4c43 (webtiles) character file.

Game seed: 12677741645226622217

29701 Dirtsage the Martial Artist (level 13, 0/105 HPs)
             Began as an Octopode Transmuter on Jan 19, 2023.
             Was an Elder of the Shining One.
             Slain by Rupert
             ... wielding a +3 battleaxe of flaming
              (23 damage)
             ... on level 5 of the Lair of Beasts.
             The game lasted 00:45:22 (14396 turns).

Dirtsage the Martial Artist (Octopode Transmuter)  Turns: 14396, Time: 00:45:23

Health: 0/105      AC: 15    Str: 18    XL:     13   Next: 47%
Magic:  19/23      EV: 22    Int: 26    God:    the Shining One [****..]
Gold:   686        SH:  9    Dex: 12    Spells: 15/26 levels left

rFire   . . .      SeeInvis .      - Unarmed
rCold   + + +      Faith    .    (shield currently unavailable)
rNeg    + + .      Spirit   .    (helmet currently unavailable)
rPois   +          Reflect  .    M - amulet "Elenlaakk" {Drain rElec Regen+ Str+4}
rElec   +          Harm     .    x - +6 ring of intelligence
rCorr   .          Rampage  .    j - +5 ring of evasion
Will    +....                    v - ring of willpower
Stlth   +                        C - +4 ring of protection
HPRegen 1.17/turn                i - +5 ring of evasion
MPRegen 0.18/turn                H - ring of wizardry
                                 W - ring of wizardry
                                 I - ring of Mareamet {rF+ Str+4 Slay+3}

@: divinely shielded, ice-form, glowing, studying Evocations
A: freezing attack, boosted hp, almost no armour, amphibious, 8 rings, large,
(camouflage 1), (gelatinous body 1), (nimble swimmer 1), (tentacles)
a: End Transformation, Renounce Religion, Divine Shield, Cleansing Flame


You were on level 5 of the Lair of Beasts.
You worshipped the Shining One.
The Shining One was greatly pleased with you.
You were a creature of crystalline ice.
You visited 3 branches of the dungeon, and saw 17 of its levels.
You also visited: Gauntlet.

You collected 1622 gold pieces.
You spent 936 gold pieces at shops.

Inventory:

Hand Weapons
 P - the +11 flail "Zoluecs" (melded) {flame, Int+4 Dex+2}
   (You found it on level 3 of the Lair of Beasts)

   Int:       It affects your intelligence (+4).
   Dex:       It affects your dexterity (+2).
Missiles
 E - a curare-tipped dart
 F - 4 throwing nets
Magical Staves
 n - a staff of conjuration
Jewellery
 b - an amulet of guardian spirit
 i - a +5 ring of evasion (on tentacle)
 j - a +5 ring of evasion (right front paw)
 u - an amulet of magic regeneration
 v - a ring of willpower (on tentacle)
 w - a ring of magical power
 x - a +6 ring of intelligence (left front paw)
 C - a +4 ring of protection (on tentacle)
 H - a ring of wizardry (on tentacle)
 I - the ring of Mareamet (on tentacle) {rF+ Str+4 Slay+3}
   (You bought it in a shop on level 7 of the Dungeon)

   [ring of protection from fire]

   Str:       It affects your strength (+4).
   Slay:      It affects your accuracy & damage with ranged weapons and melee
   (+3).
   rF:        It protects you from fire.
 K - the ring of Tilyvok {Fly rPois rC- rN+ Dex+2}
   (You found it on level 1 of the Lair of Beasts)

   [ring of flight]

   Dex:       It affects your dexterity (+2).
   rC:        It makes you vulnerable to cold.
   rPois:     It protects you from poison.
   rN:        It protects you from negative energy.
   Fly:       It grants you flight.
 M - the amulet "Elenlaakk" (around neck) {Drain rElec Regen+ Str+4}
   (You found it in a Gauntlet)

   [amulet of regeneration]

   Str:       It affects your strength (+4).
   rElec:     It insulates you from electricity.
   Regen:     It increases your rate of health regeneration.
   Drain:     It drains your maximum health when unequipped.
 S - a ring of see invisible
 W - a ring of wizardry (on tentacle)
Wands
 m - a wand of charming (25)
 A - a wand of iceblast (3)
 G - a wand of flame (5)
 O - a wand of polymorph (5)
Scrolls
 c - a scroll of enchant weapon
 g - 2 scrolls of fear
 k - 2 scrolls of immolation
 o - 3 scrolls of magic mapping
 r - 4 scrolls of fog
 s - 2 scrolls of noise
 t - 3 scrolls of teleportation
 y - 2 scrolls of poison
 z - a scroll of brand weapon
 B - 3 scrolls of blinking
 L - 2 scrolls of amnesia
 N - a scroll of vulnerability {unknown}
 R - a scroll of silence {unknown}
Potions
 a - 2 potions of lignification
 d - a potion of might
 e - 3 potions of mutation
 f - 7 potions of flight
 h - 2 potions of degeneration
 l - a potion of heal wounds
 p - 3 potions of brilliance
 q - a potion of curing
 D - 2 potions of attraction {unknown}
 J - a potion of cancellation
 Q - a potion of magic {unknown}


   Skills:
 + Level 7.7 Fighting
 + Level 8.0 Dodging
 * Level 11.5 Unarmed Combat
 + Level 7.3 Spellcasting
 - Level 8.0 Transmutations
 - Level 8.0 Ice Magic
 + Level 8.4 Invocations
 + Level 9.8 Evocations


You had 15 spell levels left.
You knew the following spells:

 Your Spells              Type           Power      Damage    Failure   Level
a - Ice Form              Ice/Tmut       50%        N/A       1%          4
b - Wereblood             Tmut           50%        N/A       1%          2
c - Frozen Ramparts       Ice            100%       1d16      1%          3
d - Lesser Beckoning      Tloc           18%        N/A       2%          2

Your spell library contained the following spells:

 Spells                   Type           Power      Damage    Failure   Level
 Beastly Appendage        Tmut           100%       N/A       1%          1
 Foxfire                  Conj/Fire      36%        2x1d5     1%          1
 Freeze                   Ice            100%       1d10      1%          1
 Magic Dart               Conj           36%        1d4       1%          1
 Sting                    Tmut/Pois      100%       1d8       1%          1
 Hailstorm                Conj/Ice       30%        3d8       1%          3
 Ignite Poison            Fire/Tmut/Pois 23%        N/A       1%          3
 Spider Form              Tmut/Pois      30%        N/A       1%          3
 Blink                    Tloc           18%        N/A       2%          2
 Call Imp                 Summ           9%         N/A       2%          2
 Momentum Strike          Conj/Tloc      18%        3d8       2%          2
 Poisonous Vapours        Pois/Air       18%        N/A       2%          2
 Dazzling Flash           Conj/Hex       18%        N/A       5%          3
 Gell's Gravitas          Tloc           9%         N/A       5%          3
 Mephitic Cloud           Conj/Pois/Air  9%         N/A       5%          3
 Teleport Other           Tloc           9%         N/A       5%          3
 Olgreb's Toxic Radiance  Pois           9%         N/A       16%         4
 Sticky Flame             Conj/Fire      9%         2d3       16%         4
 Agony                    Necr           9%         N/A       38%         5
 Fireball                 Conj/Fire      4%         3d4       38%         5
 Silence                  Hex/Air        4%         N/A       38%         5
 Dispersal                Tloc           4%         N/A       90%         6
 Starburst                Conj/Fire      4%         6d4       90%         6
 Ignition                 Fire           4%         3d4       100%        8


Dungeon Overview and Level Annotations

Branches:
Dungeon (12/15)            Temple (1/1) D:5            Lair (3/5) D:10
 Shoals (0/4) Lair:2          Orc (0/2) D:9         Gauntlet (visited)
  Snake: Lair:2-3    Spider: Lair:2-3

Altars:
Ashenzari
Dithmenos
Fedhas
Gozag
Hepliaklqana
Kikubaaqudgha
Makhleb
Okawaru
Qazlal
Ru
Vehumet
Wu Jian
Xom
Zin
The Shining One

Shops:
D:7 =   D:9 [=!*=

Annotations:
Lair:5 Rupert


Innate Abilities, Weirdness & Mutations

You are a creature of crystalline ice.
You have a powerful freezing melee attack.
Your maximum health is increased.
Your armour is entirely melded.
You are incapable of wielding weapons or throwing items.
You cannot wear most types of armour.
You are amphibious.
You can wear up to eight rings at the same time.
((Your skin changes colour to match your surroundings (Stealth+).))
((Your rubbery body absorbs attacks. (AC +1, EV +1)))
((You are camouflaged when in or above water. (Stealth+)))
((You have tentacles for arms and can constrict up to eight enemies at once.))


Message History

Rupert roars wildly at you.
You are confused.
Your frozen ramparts will break if you move.
Continue?
Okay, then.
Unknown command.
Unknown command.
Unknown command.
You feel better.
The wall freezes the cane toad.
The cane toad seems to slow down.
The wall freezes Rupert but does no damage.
Rupert roars madly and goes into a rage!
Rupert goes berserk!
You regained 13 hp, and now have 97/105 hp.
You punch Rupert! You freeze Rupert.
Rupert is heavily wounded.
The wall freezes Rupert.
Rupert completely misses you.
The wall freezes the cane toad but does no damage.
You hit Rupert. You freeze Rupert.
Rupert is severely wounded.
The wall freezes Rupert but does no damage.
Rupert completely misses you.
You hit Rupert. You freeze Rupert.
Rupert is severely wounded.
The wall freezes Rupert.
Rupert hits you with a +3 battleaxe of flaming!!
Rupert melts you.
The wall freezes the cane toad but does no damage.
You take 34 damage, and have 64/105 hp.
MASSIVE DAMAGE!!
You punch Rupert! You freeze Rupert.
Rupert is severely wounded.
The wall freezes Rupert.
Rupert hits you with a +3 battleaxe of flaming!!
Rupert melts you!
* * * LOW HITPOINT WARNING * * *
You take 42 damage, and have 22/105 hp.
MASSIVE DAMAGE!!
You punch Rupert! You freeze Rupert.
Rupert is almost dead.
The frozen ramparts melt away.
Rupert hits you with a +3 battleaxe of flaming!!
You die...

!#..... ...............
8......................
...#.....................
. .#............P.........
..#.#...P......PP.###.###.
..... #.P.#......P###.###.
.8...# ##..#......#.#.P#..
......##.#..#......#......
.<..8..##Y#.......#.......
.......F@###......#.....#.
.8.......###......#......+
..........#.#....#.#....##
....#..8.........###.####.
.8.........#......##...#..
....##....................
.... #.....#..............
.. ##+#.##..............


You could see Rupert (berserk) and a cane toad (slow).

Vanquished Creatures
  A minotaur (Gauntlet)
  Harold (D:9)
  Erolcha (D:9)
  A boulder beetle (D:12)
  2 fire crabs
  Maurice (D:10)
  A manticore (D:11)
  2 black mambas
  5 cane toads
  5 gargoyles
  Maggie (D:7)
  2 rime drakes
  A kobold demonologist (D:10)
  An efreet (Gauntlet)
  2 komodo dragons
  3 trolls
  2 polar bears
  13 blink frogs
  A raiju (Gauntlet)
  4 wyverns
  A wraith (D:11)
  7 fire elementals
  43 yaks
  Grum (D:10)
  2 basilisks
  4 vampire mosquitoes (D:11)
  A steam dragon (D:7)
  2 acid dragons
  A hell hound (Gauntlet)
  13 water moccasins
  7 orc warriors
  A sky beast (D:7)
  4 black bears
  7 ice beasts
  12 wolves
  The ghost of DEFE the Grave Robber, an amateur DsWn (D:3)
  2 ogres
  6 centaurs
  3 kobold brigands
  9 bullfrogs
  A gnoll sergeant (D:8)
  4 scorpions
  4 wights (D:7)
  6 howler monkeys (D:9)
  4 electric eels
  2 vampire bats (D:4)
  4 hounds
  A jelly (D:7)
  4 orc priests
  An iguana (D:4)
  3 orc wizards
  10 adders
  7 gnolls
  3 shadow imps
  2 ufetubi
  16 dart slugs
  30 orcs
  5 ball pythons
  16 bats
  4 endoplasms
  A giant cockroach (D:4)
  4 goblins
  8 hobgoblins
  9 jackals
  6 quokkas
  4 frilled lizards
  23 kobolds
  2 rats (D:2)
361 creatures vanquished.

Vanquished Creatures (others)
  A white imp (D:7)
  15 fungi
  62 plants
  2 withered plants (D:3)
80 creatures vanquished.

Grand Total: 441 creatures vanquished

Notes
Turn   | Place    | Note
-------+----------+-------------------------------------------
     0 | D:1      | Dirtsage the Octopode Transmuter began the quest for the
                  | Orb.
     0 | D:1      | Reached XP level 1. HP: 13/13 MP: 3/3
   102 | D:1      | Reached skill level 1 in Ice Magic
   102 | D:1      | Reached XP level 2. HP: 18/18 MP: 5/5
   118 | D:1      | Learned a level 2 spell: Wereblood
   300 | D:1      | Found a faded altar of an unknown god.
   383 | D:1      | Reached XP level 3. HP: 20/23 MP: 2/6
  1003 | D:2      | Identified the +1 leather armour of Intuition {rC+ rN+}
  1172 | D:2      | Reached XP level 4. HP: 28/28 MP: 4/7
  1596 | D:3      | Noticed a scorpion
  1859 | D:3      | Found a broken altar of Ashenzari.
  1886 | D:3      | Learned a level 4 spell: Ice Form
  1917 | D:3      | Found a runed translucent door.
  1917 | D:3      | Noticed DEFE's ghost (amateur DsWn)
  1927 | D:3      | Reached XP level 5. HP: 33/33 MP: 8/8
  2688 | D:3      | Killed DEFE's ghost
  2689 | D:3      | Reached XP level 6. HP: 38/38 MP: 4/9
  2841 | D:4      | Reached skill level 5 in Transmutations
  3023 | D:4      | Reached XP level 7. HP: 43/43 MP: 5/10
  3790 | D:4      | Reached skill level 5 in Ice Magic
  4075 | D:5      | Entered Level 5 of the Dungeon
  4126 | D:5      | Found a staircase to the Ecumenical Temple.
  4145 | Temple   | Entered the Ecumenical Temple
  4161 | Temple   | Became a worshipper of the Shining One
  4199 | D:5      | Found an ancient bone altar of Kikubaaqudgha.
  4214 | D:5      | Found an ornate altar of the Wu Jian Council.
  4237 | D:5      | Learned a level 3 spell: Frozen Ramparts
  4437 | D:5      | Reached XP level 8. HP: 48/48 MP: 2/11
  4591 | D:5      | Found a radiant altar of Vehumet.
  4784 | D:5      | Identified the +8 dagger of the Lesser Evil {drain, Dex+2}
  5309 | D:6      | Reached skill level 1 in Invocations
  5314 | D:6      | Reached XP level 9. HP: 53/53 MP: 7/12
  5760 | D:6      | Found an opulent altar of Gozag.
  5763 | D:6      | Found a shadowy altar of Dithmenos.
  5763 | D:6      | Found a shimmering altar of Xom.
  5763 | D:6      | Found a blossoming altar of Fedhas.
  5764 | D:6      | Found a hazy altar of Hepliaklqana.
  5766 | D:6      | Found a burning altar of Makhleb.
  5827 | D:6      | Found an iron altar of Okawaru.
  6068 | D:7      | Reached skill level 4 in Unarmed Combat
  6337 | D:7      | Reached * piety under the Shining One
  6395 | D:7      | Noticed Maggie
  6407 | D:7      | Killed Maggie
  6408 | D:7      | Reached skill level 5 in Unarmed Combat
  6715 | D:7      | Found Avefruw's One-of-a-Kind Rings.
  7263 | D:8      | Reached XP level 10. HP: 63/63 MP: 10/15
  7361 | D:8      | Found a sacrificial altar of Ru.
  7409 | D:8      | Reached skill level 6 in Unarmed Combat
  7603 | D:8      | Noticed a gargoyle
  7610 | D:8      | Killed a gargoyle
  7642 | D:8      | Noticed a gargoyle
  7650 | D:8      | Killed a gargoyle
  7698 | D:8      | Noticed a gargoyle
  7705 | D:8      | Killed a gargoyle
  7771 | D:8      | Noticed a gargoyle
  7785 | D:8      | Killed a gargoyle
  8097 | D:8      | Reached skill level 7 in Unarmed Combat
  8372 | D:8      | Identified the +7 shortbow of Overwhelming Force {drain,
                  | rF+ Will+ Str+5 SInv}
  8655 | D:9      | Found Gujeimoh's Distillery.
  8721 | D:9      | Bought a potion of mutation for 88 gold pieces
  8782 | D:9      | Noticed Erolcha
  8887 | D:9      | Noticed Harold
  8887 | D:9      | You fall into a shaft and drop 3 floors!
  8901 | D:11     | Reached skill level 1 in Evocations
  8921 | D:10     | Entered Level 10 of the Dungeon
  8947 | D:10     | Found a glowing silver altar of Zin.
  8973 | D:10     | Reached skill level 5 in Dodging
  8973 | D:10     | Reached skill level 5 in Invocations
  8978 | D:10     | Reached XP level 11. HP: 70/70 MP: 17/17
  9271 | D:10     | Reached skill level 8 in Unarmed Combat
  9351 | D:10     | Reached skill level 5 in Fighting
  9351 | D:10     | Found a staircase to the Lair.
  9355 | D:10     | Reached skill level 5 in Spellcasting
  9394 | D:10     | Reached ** piety under the Shining One
  9464 | D:10     | Noticed a boulder beetle
  9630 | D:9      | Found Qihare's Jewellery Boutique.
  9643 | D:9      | Found Noinishy's Armour Shoppe.
  9673 | D:9      | Killed Harold
  9743 | D:9      | Found Mepryat's Assorted Antiques.
  9774 | D:9      | Killed Erolcha
  9775 | D:9      | Reached skill level 5 in Evocations
 10048 | D:9      | Reached skill level 9 in Unarmed Combat
 10093 | D:9      | Found a staircase to the Orcish Mines.
 10142 | D:9      | Found Naonlonu's Jewellery Shoppe.
 10272 | D:10     | Found a stormy altar of Qazlal.
 10290 | D:10     | Noticed Maurice
 10300 | D:10     | Killed Maurice
 10463 | D:10     | Noticed Grum
 10489 | D:10     | Killed Grum
 11006 | D:11     | Reached XP level 12. HP: 78/78 MP: 20/20
 11391 | D:12     | Killed a boulder beetle
 11440 | Lair:1   | Entered Level 1 of the Lair of Beasts
 11440 | Lair:1   | Found a transporter.
 11462 | Lair:1   | Found a gate leading to a gauntlet.
 11486 | Gauntlet | Entered a Gauntlet
 11486 | Gauntlet | Found a transporter.
 11486 | Gauntlet | Found a large runed translucent door.
 11486 | Gauntlet | Found a large runed translucent door.
 11486 | Gauntlet | Found a large runed translucent door.
 11486 | Gauntlet | Found a large runed translucent door.
 11486 | Gauntlet | Found a large runed translucent door.
 11486 | Gauntlet | Found a large runed translucent door.
 11486 | Gauntlet | Found a runed translucent door.
 11486 | Gauntlet | Found a runed translucent door.
 11486 | Gauntlet | Found a large runed translucent door.
 11486 | Gauntlet | Found a large runed translucent door.
 11486 | Gauntlet | Found a large runed translucent door.
 11486 | Gauntlet | Found a large runed translucent door.
 11486 | Gauntlet | Found a large runed translucent door.
 11486 | Gauntlet | Found a large runed translucent door.
 11487 | Gauntlet | Found a large runed translucent door.
 11487 | Gauntlet | Found a large runed translucent door.
 11487 | Gauntlet | Found a large runed translucent door.
 11487 | Gauntlet | Found a large runed translucent door.
 11494 | Gauntlet | Found a runed translucent gate.
 11495 | Gauntlet | Found a transporter.
 11495 | Gauntlet | Found a runed translucent gate.
 11495 | Gauntlet | Found a runed translucent gate.
 11495 | Gauntlet | Found a runed translucent gate.
 11495 | Gauntlet | Found a runed translucent gate.
 11496 | Gauntlet | Noticed a death yak
 11500 | Gauntlet | Found a runed translucent gate.
 11507 | Gauntlet | Found a transporter.
 11511 | Gauntlet | Found a transporter.
 11513 | Gauntlet | Reached *** piety under the Shining One
 11522 | Gauntlet | Found a transporter.
 11541 | Gauntlet | Found a transporter.
 11556 | Gauntlet | Found a transporter.
 11557 | Gauntlet | Found a transporter.
 11575 | Gauntlet | Found a transporter.
 11579 | Gauntlet | Found a transporter.
 11579 | Gauntlet | Noticed a hell beast
 11588 | Gauntlet | Found a transporter.
 11601 | Gauntlet | Noticed a death yak
 11607 | Gauntlet | Found a transporter.
 11607 | Gauntlet | Noticed a death yak
 11652 | Gauntlet | Identified a scroll of acquirement
 11653 | Gauntlet | Acquired 857 gold pieces
 11746 | Gauntlet | Identified the amulet "Elenlaakk" {Drain rElec Regen+
                  | Str+4}
 11774 | Gauntlet | Identified the +7 bardiche "Cunnoxt" {vamp, rC++ Dex-3}
 11774 | Gauntlet | Noticed a minotaur
 11784 | Gauntlet | Killed a minotaur
 11822 | Gauntlet | Identified the +3 leather armour "Nuh Cikk" {Will++ Dex+3}
 11915 | Lair:1   | Reached skill level 10 in Unarmed Combat
 11919 | Lair:1   | Found a transporter.
 12024 | D:7      | Bought the ring of Mareamet {rF+ Str+4 Slay+3} for 848 gold
                  | pieces
 12343 | Lair:1   | Learned a level 2 spell: Lesser Beckoning
 12559 | Lair:1   | Identified the ring of Tilyvok {Fly rPois rC- rN+ Dex+2}
 12635 | Lair:1   | Saving game... please wait.
 12681 | Lair:1   | Identified the -1 pair of boots of Grace {+Inv Int-4
                  | Slay+2}
 13347 | Lair:2   | Reached XP level 13. HP: 86/86 MP: 18/23
 13384 | Lair:2   | Found a staircase to the Shoals.
 13424 | Lair:2   | Reached skill level 11 in Unarmed Combat
 13736 | Lair:3   | Identified the +11 flail "Zoluecs" {flame, Int+4 Dex+2}
 13934 | Lair:3   | You fall into a shaft and drop 2 floors!
 13934 | Lair:5   | Entered Level 5 of the Lair of Beasts
 13940 | Lair:5   | Reached **** piety under the Shining One
 14192 | Lair:5   | Noticed Rupert
 14386 | Lair:5   | Paralysed by Rupert for 3 turns
 14396 | Lair:5   | Slain by Rupert

Illustrated notes

Levels and vault maps discovered:
D:1:      minmay_arrival_jagged, layout_basic,
          shapermc_ecumenical_altar_mp_ritualfount, minmay_fountain_box,
          minmay_tetromino_i4
D:2:      layout_basic, kennysheep_generic_room_9
D:3:      kennysheep_slugbush, layout_basic, ashenzari_conservatory_becter,
          gammafunk_ghost_grave, grunt_ministairs_15, st_stairs_8,
          corner_web_ring
D:4:      layout_basic, roderic_batcave
D:5:      layout_rooms, mainiacjoe_overflow_concentric_impassable,
          mainiacjoe_overflow_large_starburst, minmay_temple_entry_tees
D:6:      layout_loops_ring, grunt_temple_overflow_open
D:7:      layout_loops_ring, serial_bayou_lagoon_a, nicolae_shop_unique_rings,
          hangedman_abyss_or_decor_passed, grunt_decor_fettered, uniq_maggie
D:8:      cheibrodos_statue_roulette, layout_loops_corners,
          nicolae_ru_awakened_eye, minmay_manual_mares
D:9:      layout_roguey, david_orc_5, serial_shops, nicolae_shop_hallway_stairs,
          shop, nicolae_square_shop, nicolae_shop_advertising_works
          [nicolae_subvault_shop_adworks], shop, uniq_erolcha, uniq_harold
D:10:     layout_basic, grunt_qazlal_sundering, mainiacjoe_overflow_catwalk,
          hellmonk_lair_entry_icy, serial_bayou, serial_bayou_crossing,
          serial_bayou_pond_a, serial_bayou_pond_d, serial_bayou_lake_a,
          uniq_maurice, uniq_grum
D:11:     layout_roguey
D:12:     layout_gridville, serial_shops, nicolae_shop_bloodbath_and_beyond,
          minmay_crystal_room, uniq_nessos
Temple:   hellmonk_temple_beads
Lair:1:   gammafunk_cloud_chamber, layout_regular_city, gauntlet_entry_generic,
          grunt_megastairs_5, lemuel_fruit_tree
Lair:2:   layout_roguey, minmay_shoals_entry_centaurs
Lair:3:   minmay_lair_oklob_chamber, layout_cave_pods,
          spider_nest_entry_web_field, worms_lemuel, grunt_megastairs_4
Lair:5:   evil_forest, layout_regular_city, grunt_megastairs_3, uniq_kirke,
          uniq_rupert

Skill      XL: |  1  2  3  4  5  6  7  8  9 10 11 12 13 |
---------------+----------------------------------------+-----
Ice Magic      | 1 2 3 4 6 7 8 |  8.0
Transmutations | 3 4 5 6 7 8 |  8.0
Invocations    | 1 3 5 6 7 8 |  8.4
Fighting       | 3 4 5 7 |  7.7
Unarmed Combat | 5 7 9 10 11 | 11.5
Dodging        | 3 5 6 7 8 |  8.0
Spellcasting   | 3 4 5 6 7 |  7.3
Evocations     | 2 6 8 9 |  9.8

Action                   |  1- 3 |  4- 6 |  7- 9 | 10-12 | 13-15 || total
-------------------------+-------+-------+-------+-------+-------++-------
Melee: Unarmed           |    60 |   100 |   246 |   406 |    99 ||   911
       Constrict         |    20 |    24 |     6 |       |       ||    50
       Tentacles         |    19 |    16 |     2 |     2 |       ||    39
       Kick              |     9 |    16 |     3 |       |       ||    28
       Punch             |       |     5 |     1 |       |       ||     6
 Cast: Beastly Appendage |     8 |    10 |     3 |       |       ||    21
       Wereblood         |     5 |     1 |     8 |    18 |     4 ||    36
       Ice Form          |       |     6 |    31 |    46 |     6 ||    89
       Frozen Ramparts   |       |       |     6 |    31 |     5 ||    42
Invok: Divine Shield     |       |       |       |     3 |     2 ||     5
Evoke: Wand              |       |       |       |     8 |     3 ||    11
  Use: Scroll            |       |       |    11 |     7 |     1 ||    19
       Potion            |       |       |       |     7 |     1 ||     8
 Stab: Sleeping          |     2 |     6 |     2 |       |       ||    10
Armor: Skin              |     9 |    18 |    75 |   116 |    16 ||   234
Dodge: Dodged            |    44 |    42 |   139 |   250 |    84 ||   559
Block: Other             |       |       |       |       |     4 ||     4

Table legend: (Time is in decaauts)
 A = Elapsed time spent in this place.
 B = Non-inter-level travel time spent in this place.
 C = Inter-level travel time spent in this place.
 D = Time resting spent in this place.
 E = Time spent auto-exploring this place.
 F = Levels seen in this place.
 G = Mean time per level.
                   A        B        C        D        E       F      G
               +--------+--------+--------+--------+--------+-----+--------+
         Total |  14270 |  13600 |    670 |    180 |  10719 |  18 |  792.8 |
       Dungeon |  11502 |  10938 |    564 |    178 |   8864 |  12 |  958.5 |
        Temple |     31 |     17 |     14 |      0 |      7 |   1 |   31.0 |
          Lair |   2361 |   2269 |     92 |      2 |   1733 |   4 |  590.2 |
      Gauntlet |    374 |    374 |      0 |      0 |    115 |   1 |  374.0 |
               +--------+--------+--------+--------+--------+-----+--------+

Top non-repeatable levels by time:
     D:8: 1578 daAuts
     D:4: 1318 daAuts
    D:10: 1301 daAuts
     D:7: 1258 daAuts
     D:3: 1111 daAuts
     D:6: 1055 daAuts
  Lair:2: 922 daAuts
     D:2: 906 daAuts
     D:9: 854 daAuts
     D:5: 783 daAuts
  Lair:1: 767 daAuts
     D:1: 726 daAuts
    D:11: 531 daAuts
  Lair:5: 446 daAuts
Gauntlet: 374 daAuts
